 Dungeon Crawl Stone Soup version 0.29-a0-789-g7a8fcbc185 (webtiles) character file.

Game seed: 8019879219220806444

319 buhh the Trooper (level 6, -4/44 HPs)
             Began as an Octopode Transmuter on July 2, 2022.
             Splashed by a jelly's acid (5 damage)
             ... on level 4 of the Dungeon.
             The game lasted 00:11:13 (6010 turns).

buhh the Trooper (Octopode Transmuter)              Turns: 6010, Time: 00:11:14

Health: -4/44      AC: -10   Str:  9    XL:     6   Next: 46%
Magic:  14/18      EV: 21    Int: 17    God:
Gold:   163        SH:  0    Dex: 18    Spells: 3/9 levels left

rFire   . . .      SeeInvis .     - Unarmed
rCold   . . .      Faith    .   (shield currently unavailable)
rNeg    . . .      Spirit   .   (helmet currently unavailable)
rPois   x          Reflect  .   (no amulet)
rElec   .          Harm     .   h - ring of magical power
rCorr   .          Rampage  .   (no ring)
Will    .....                   (no ring)
Stlth   ++........              (no ring)
HPRegen 0.14/turn               (no ring)
MPRegen 0.16/turn               (no ring)
                                (no ring)
                                (no ring)

@: spider-form (expiring), corroded
A: venomous fangs, almost no armour, (amphibious), 8 rings, tiny, (camouflage
1), (gelatinous body 1), (nimble swimmer 1), (tentacles)
a: End Transformation


You were on level 4 of the Dungeon.
You were a venomous arachnid creature.
You visited 1 branch of the dungeon, and saw 5 of its levels.

You collected 163 gold pieces.

Inventory:

Missiles
 e - 5 curare-tipped darts
 i - 10 poisoned darts
Armour
 b - a +1 hat (melded)
Jewellery
 h - a ring of magical power (left front leg)
Scrolls
 c - a scroll of blinking {!d}
 d - a scroll of magic mapping {unknown}
 f - a scroll of noise
 t - 3 scrolls of teleportation {!d}
 Q - a scroll of fog
 Z - a scroll of enchant armour
Potions
 V - a potion of cancellation {!q!d}


   Skills:
 * Level 4.4 Fighting
 * Level 3.4 Dodging
 - Level 2.0 Stealth
 - Level 4.0 Unarmed Combat
 - Level 2.0 Spellcasting
 - Level 2.0 Transmutations
 * Level 1.5 Poison Magic


You had 3 spell levels left.
You knew the following spells:

 Your Spells              Type           Power      Damage    Failure   Level
a - Beastly Appendage     Tmut           16%        N/A       22%         1
b - Wereblood             Tmut           8%         N/A       30%         2
c - Spider Form           Tmut/Pois      7%         N/A       50%         3

Your spell library contained the following spells:

 Spells                   Type           Power      Damage    Failure   Level
 Sandblast                Erth           2%         2d4       38%         1
 Passwall                 Tmut/Erth      4%         N/A       38%         2
 Static Discharge         Conj/Air       1%         3-4/arc   50%         2
 Stone Arrow              Conj/Erth      2%         3d7       71%         3
 Ice Form                 Ice/Tmut       5%         N/A       90%         4
 Dispel Undead            Necr           1%         3d6       96%         4
 Sticky Flame             Conj/Fire      1%         2d3       96%         4


Dungeon Overview and Level Annotations

Branches:
Dungeon (5/15) Zot: 24004
 Temple: D:4-7

Altars:

Annotations:
D:4 Blork the orc


Innate Abilities, Weirdness & Mutations

You are a venomous arachnid creature.
You have poisonous fangs.
You are tiny and dextrous.
Your spellcasting is less reliable in this form.
Your armour is entirely melded.
You are incapable of wielding weapons or throwing items.
You cannot wear most types of armour.
((You are amphibious.))
You can wear up to eight rings at the same time.
((Your skin changes colour to match your surroundings (Stealth+).))
((Your rubbery body absorbs attacks. (AC +1, EV +1)))
((You are camouflaged when in or above water. (Stealth+)))
((You have tentacles for arms and can constrict up to eight enemies at once.))


Message History

No target in view!
No target in view!
You hit the jelly.
Your front legs burn!
The jelly is lightly wounded.
The jelly closely misses you.
Your magical contamination has completely faded away.
You bite the jelly!
Your front legs burn!
The jelly is moderately wounded.
The jelly closely misses you.
You hit the jelly but do no damage.
Your front legs burn!
The jelly is moderately wounded.
Your transformation is almost over.
The jelly barely misses you.
You hit the jelly.
The jelly is poisoned.
The acid corrodes you!
Your front legs burn!
The jelly is heavily wounded.
The jelly completely misses you.
You bite the jelly! The acid corrodes you!
Your front legs burn!
The jelly is severely wounded.
The jelly hits you. The acid corrodes you!
You are splashed with acid!
You are too injured to fight recklessly!
You hit the jelly but do no damage.
The jelly looks as sick as possible!
Your front legs burn!
The jelly is severely wounded.
The jelly hits you.
* * * LOW HITPOINT WARNING * * *
You are splashed with acid.
* * * LOW HITPOINT WARNING * * *
You hit the jelly.
The jelly looks as sick as possible!
Your front legs burn!
* * * LOW HITPOINT WARNING * * *
The jelly is almost dead.
The jelly barely misses you.
You hit the jelly but do no damage.
The jelly looks as sick as possible!
Your front legs burn!
* * * LOW HITPOINT WARNING * * *
The jelly is almost dead.
The jelly misses you.
You hit the jelly but do no damage.
The jelly looks as sick as possible!
Your front legs burn!
You die...

###########
#.........########
#.........#......#
#.........#......#
#.........#......#
#.........#sJ....#
#.........#......# ...
#.........####...#
...#####.#........#...####
....#....#........#.ยง....#
....#....#........'......#
....#....#........#......#
....#....#........#......#
....#)...#........#......#


You could see a jelly (extremely poisoned).

Vanquished Creatures
  A phantom (D:4)
  A bouda (D:4)
  An orc priest (D:3)
  An orc wizard (D:4)
  2 adders (D:3)
  4 gnolls (D:4)
  A worm (D:2)
  2 dart slugs (D:3)
  10 orcs
  5 endoplasms
  4 giant cockroaches
  4 goblins
  10 hobgoblins
  6 jackals
  6 kobolds
  3 quokkas
  12 ball pythons
  7 bats
  3 frilled lizards (D:1)
  3 rats
86 creatures vanquished.

Notes
Turn   | Place    | Note
-------+----------+-------------------------------------------
     0 | D:1      | buhh the Octopode Transmuter began the quest for the Orb.
     0 | D:1      | Reached XP level 1. HP: 13/13 MP: 3/3
   253 | D:1      | Reached XP level 2. HP: 5/18 MP: 3/5
   960 | D:1      | Found a faded altar of an unknown god.
   966 | D:1      | Reached XP level 3. HP: 22/25 MP: 4/6
  2356 | D:3      | Reached XP level 4. HP: 31/31 MP: 5/7
  3263 | D:3      | Reached XP level 5. HP: 30/37 MP: 8/8
  4306 | D:4      | Noticed Blork the orc
  4945 | D:5      | Entered Level 5 of the Dungeon
  4965 | D:4      | Learned a level 2 spell: Wereblood
  4969 | D:4      | Learned a level 3 spell: Spider Form
  5245 | D:5      | Noticed an ogre
  5314 | D:4      | Reached XP level 6. HP: 30/43 MP: 9/9
  6009 | D:4      | HP: 1/44 [acid (5)]
  6010 | D:4      | Splashed by a jelly's acid

Illustrated notes

Levels and vault maps discovered:
D:1:      shiori_shiawase, layout_rooms, basic_ecumenical_altar, st_stairs_3
D:2:      layout_rooms, minmay_diced_spiral
D:3:      layout_loops_ring
D:4:      layout_gridville, uniq_blork_the_orc
D:5:      cheibrodos_iron_armory, layout_cave_pools, uniq_edmund

Skill      XL: |  1  2  3  4  5  6 |
---------------+-------------------+-----
Stealth        | 1 2 |  2.0
Fighting       | 2 3 4 |  4.4
Dodging        | 3 |  3.4
Unarmed Combat | 4 |  4.0
Poison Magic   | 1 |  1.5
Spellcasting   | |  2.0
Transmutations | |  2.0

Action                   |  1- 3 |  4- 6 || total
-------------------------+-------+-------++-------
Melee: Unarmed           |   100 |   117 ||   217
       Constrict         |    20 |    24 ||    44
       Kick              |    20 |    43 ||    63
       Tentacles         |    16 |    21 ||    37
       Punch             |     2 |     4 ||     6
 Cast: Beastly Appendage |    29 |    28 ||    57
       Spider Form       |       |     1 ||     1
  Use: Scroll            |     7 |     3 ||    10
       Potion            |     1 |     2 ||     3
 Stab: Sleeping          |     7 |     5 ||    12
Armor: Skin              |    18 |     2 ||    20
Dodge: Dodged            |    46 |    39 ||    85

Table legend: (Time is in decaauts)
 A = Elapsed time spent in this place.
 B = Non-inter-level travel time spent in this place.
 C = Inter-level travel time spent in this place.
 D = Time resting spent in this place.
 E = Time spent auto-exploring this place.
 F = Levels seen in this place.
 G = Mean time per level.
                   A        B        C        D        E       F      G
               +--------+--------+--------+--------+--------+-----+--------+
         Total |   5995 |   5784 |    211 |   2282 |   2781 |   5 | 1199.0 |
       Dungeon |   5995 |   5784 |    211 |   2282 |   2781 |   5 | 1199.0 |
               +--------+--------+--------+--------+--------+-----+--------+

Top non-repeatable levels by time:
     D:4: 2258 daAuts
     D:2: 1488 daAuts
     D:1: 1171 daAuts
     D:3: 1063 daAuts
     D:5: 13 daAuts
